 Dungeon Crawl Stone Soup version 0.31.0 (webtiles) character file.

Game seed: 5729991657877091117

662 Megalobster the Cleaver (level 7, 57/57 HPs)
             Began as a Minotaur Berserker on Jan 18, 2024.
             Was a Priest of Trog.
             Quit the game on level 4 of the Dungeon on Jan 19, 2024.
             The game lasted 00:12:12 (3384 turns).

Megalobster the Cleaver (Minotaur Berserker)        Turns: 3384, Time: 00:12:13

Health: 57/57      AC:  6    Str: 23    XL:     7   Next: 30%
Magic:  6/6        EV: 12    Int:  4    God:    Trog [***...]
Gold:   172        SH:  0    Dex: 10    Spells: 6/6 levels left

rFire   . . .        a - +0 war axe
rCold   . . .        (no shield)
rNeg    . . .        b - +0 animal skin
rPois   .            (helmet restricted)
rElec   .            (no cloak)
rCorr   .            (no gloves)
SInv    .            (no boots)
Will    .....        (no amulet)
Stlth   +            w - +4 ring of protection
HPRegen 0.29/turn    (no ring)
MPRegen 0.10/turn

%: no passive effects
@: no status effects
A: horns 2, retaliatory headbutt
a: Renounce Religion, Berserk, Trog's Hand


You were on level 4 of the Dungeon.
You worshipped Trog.
Trog was most pleased with you.
You visited 1 branch of the dungeon, and saw 4 of its levels.
You also visited: Ossuary.

You collected 172 gold pieces.

Inventory:

Hand Weapons
 a - a +0 war axe (weapon)
 r - a +0 hand axe
 u - a +0 flail
 v - a +2 flail of draining
Missiles
 m - 8 stones (quivered)
Armour
 b - a +0 animal skin (worn)
 q - a +0 leather armour
Jewellery
 e - a ring of ice
 w - a +4 ring of protection (left hand)
Talismans
 s - a beast talisman
 t - the blade talisman of Courage {rPois rC+}
   (You found it on level 3 of the Dungeon)

   [blade talisman]

   rC+:       It protects you from cold.
   rPois:     It protects you from poison
Scrolls
 d - 2 scrolls of fog {unknown}
 f - 2 scrolls of poison {unknown}
 g - 3 scrolls of identify {unknown}
 j - 2 scrolls of blinking {unknown}
 o - a scroll of revelation
 p - a scroll of amnesia {unknown}
 x - a scroll of teleportation {unknown}
 y - a scroll of fear {unknown}
Potions
 c - 5 potions of heal wounds {unknown}
 h - a potion of enlightenment {unknown}
 i - 4 potions of curing {unknown}
 k - 2 potions of attraction {unknown}
 l - a potion of haste {unknown}
 n - 2 potions of brilliance {unknown}
 z - a potion of cancellation {unknown}
 A - 2 potions of invisibility {unknown}
 B - a potion of magic {unknown}
 C - a potion of lignification {unknown}
 D - a potion of berserk rage {unknown}


   Skills:
 - Level 3.6 Fighting
 * Level 9.3 Axes
 - Level 2.4 Armour
 - Level 2.1 Dodging
 + Level 2.5 Shapeshifting


You had 6 spell levels left.
You didn't know any spells.
Your spell library was empty.

Dungeon Overview and Level Annotations

Branches:
Dungeon (4/15)            Ossuary (visited)
 Temple: D:4-7

Altars:

Shops:
D:3 (


Innate Abilities, Weirdness & Mutations

You have a pair of horns on your head.
You reflexively headbutt those who attack you in melee.


Message History

The adder zombie is moderately damaged.
The adder zombie bites you but does no damage.
You closely miss the adder zombie. Your headbutt misses the adder zombie.
The adder zombie is moderately damaged.
The adder zombie bites you but does no damage.
You hit the adder zombie. You headbutt the adder zombie!
You destroy the adder zombie!
Trog accepts your kill.
You hit the goblin zombie.
The goblin zombie is severely damaged.
The goblin zombie barely misses you.
You completely miss the goblin zombie.
The goblin zombie is severely damaged.
You slash the goblin zombie!
You destroy the goblin zombie!
Trog accepts your kill.
No target in view!
You open the door.
A rat zombie comes into view.
There is an open door here.
You barely miss the rat zombie. The rat zombie barely misses you.
You completely miss the rat zombie. You headbutt the rat zombie!
The rat zombie is almost destroyed.
The rat zombie misses you.
You barely miss the rat zombie. You headbutt the rat zombie.
You destroy the rat zombie!
Trog accepts your kill.
No target in view!
Done exploring.
Sorry, you can't auto-travel out of here.
You can't go up here!
There is a gate leading back out of this place here.
Welcome back to the Dungeon!
There is a collapsed entrance here.
Saving game... please wait.
Options error: Cannot find file "HDamage.rc". (Megalobster.rc:96) Welcome back, Megalobster the Minotaur Berserker.
Trog says: Kill them all!
Press ? for a list of commands and other information.
Are you sure you want to abandon this character and quit the game? (Confirm with "yes".)

*,***#..###.#.........,,,,,,,,,*
**,**...#* #..##...####**,,,,,,,*
,,,,,.##* ##..###.## *,,,,,,,*
,*,**** ##..#*,.# *,,,,,,,* **,*
##.###.# *,,,,,,,* *,* #.#...#
*,,,,,,,* *,* ##.#..#* *********
***** #.....# ****8** *#..@..#
,*,*,8** *#.....## *
,,,,,,,****#..##.## *******
,,,,,,,,,>...#*#..*********,,,,,,
,*,*,8,**####**##..,,,,,,,,,,****
,*,*,*,,*******,,..,,,,,,,,,**
******,,,,,,,,,,,...,,,,,,,,*****
**,****,,,,,,,,,,.S#*,,,,,,,**,,,
,,,,,,<,,>,,,,,***,,,*,******,,,,


You could see a ball python (asleep).

Vanquished Creatures
  Menkaure (Ossuary)
  An elf zombie (Ossuary)
  3 centaur zombies (Ossuary)
  A human zombie (Ossuary)
  Natasha (D:4)
  2 ogre zombies (Ossuary)
  6 mummies (Ossuary)
  8 adders
  3 gnolls (D:3)
  7 adder zombies (Ossuary)
  4 dart slugs (D:1)
  An orc (D:3)
  5 ball pythons
  11 bats
  5 endoplasms
  3 giant cockroaches
  6 goblins
  6 hobgoblins
  6 kobolds
  5 quokkas
  3 frilled lizards (D:1)
  5 goblin zombies (Ossuary)
  2 hobgoblin zombies (Ossuary)
  8 kobold zombies (Ossuary)
  5 rats
  A rat zombie (Ossuary)
109 creatures vanquished.

Notes
Turn   | Place    | Note
-------+----------+-------------------------------------------
     0 | D:1      | Megalobster the Minotaur Berserker began the quest for the
                  | Orb.
     0 | D:1      | Reached XP level 1. HP: 19/19 MP: 0/0
   169 | D:1      | Reached skill level 4 in Axes
   197 | D:1      | Reached XP level 2. HP: 26/26 MP: 1/1
   400 | D:1      | Found a faded altar of an unknown god.
   448 | D:1      | Reached skill level 5 in Axes
   722 | D:1      | Reached XP level 3. HP: 25/31 MP: 2/2
  1026 | D:2      | Reached ** piety under Trog
  1790 | D:3      | Reached skill level 6 in Axes
  1790 | D:3      | Reached XP level 4. HP: 26/39 MP: 3/3
  2318 | D:3      | Identified the blade talisman of Courage {rPois rC+}
  2355 | D:3      | Reached XP level 5. HP: 45/45 MP: 4/4
  2357 | D:3      | Reached skill level 7 in Axes
  2481 | D:3      | Found Ginuqon's Weapon Emporium.
  2670 | D:4      | Noticed Natasha
  2683 | D:4      | Killed Natasha
  2709 | D:4      | Found a sand-covered staircase.
  2718 | Ossuary  | Entered an ossuary
  2746 | Ossuary  | Reached skill level 1 in Shapeshifting
  2828 | Ossuary  | Noticed Menkaure
  2835 | Ossuary  | Killed Menkaure
  2836 | Ossuary  | Reached skill level 8 in Axes
  2836 | Ossuary  | Reached XP level 6. HP: 51/51 MP: 5/5
  3032 | Ossuary  | Reached *** piety under Trog
  3033 | Ossuary  | Reached XP level 7. HP: 50/57 MP: 6/6
  3125 | Ossuary  | Reached skill level 9 in Axes
  3384 | D:4      | Upgraded the game from 0.31-b1-22-gc680215f68 to 0.31.0
  3384 | D:4      | Quit the game

Illustrated notes

Levels and vault maps discovered:
D:1:      dpeg_arrival_chambers_temple_mockup, layout_loops_ring,
          chequers_ecumenical_altar_island, minivault_4
D:2:      layout_basic, serial_curves, eino_curves_04, eino_curves_01
D:3:      layout_basic, serial_shops, nicolae_lakefront_shop,
          grunt_ministairs_5, minivault_4
D:4:      layout_rooms, minitemple, enter_ossuary_3, uniq_natasha

Skill      XL: |  1  2  3  4  5  6  7 |
---------------+----------------------+-----
Axes           | 4 5 6 8 9 |  9.3
Shapeshifting  | 1 2 |  2.5
Fighting       | |  3.6
Armour         | |  2.4
Dodging        | |  2.1

Action                     |  1- 3 |  4- 6 |  7- 9 || total
---------------------------+-------+-------+-------++-------
  Melee: Hand axe          |    90 |    15 |       ||   105
         Headbutt          |     9 |    12 |    13 ||    34
         War axe           |       |    80 |    70 ||   150
         Punch             |       |     1 |     1 ||     2
 Invoke: Berserk           |     3 |     2 |       ||     5
         Trog's Hand       |       |     2 |       ||     2
    Use: Scroll            |       |     1 |       ||     1
 Armour: Animal skin       |    64 |    65 |    22 ||   151
  Dodge: Dodged            |    63 |    63 |    36 ||   162
